 Dungeon Crawl Stone Soup version 0.27.1-34-g3ba077fa99 (webtiles) character file.

Game seed: 12075648013610609333

6148 DildoBatman the Merchant of Misery (level 11, -6/83 HPs)
             Began as a Formicid Conjurer on Jan 18, 2022.
             Was a Believer of Kikubaaqudgha.
             Mangled by a wyvern (12 damage)
             ... on level 9 of the Dungeon.
             The game lasted 00:30:56 (7920 turns).

DildoBatman the Merchant of Misery (FoCj)           Turns: 7920, Time: 00:30:57

Health: -6/83      AC: 10    Str: 12    XL:     11   Next: 13%
Magic:  5/30       EV: 12    Int: 18    God:    Kikubaaqudgha [**....]
Gold:   602        SH:  0    Dex: 12    Spells: 16/24 levels left

rFire    + . .     SeeInvis +   a - +5 falchion
rCold    . . .     Faith    .   (no shield)
rNeg     . . .     Spirit   .   L - +0 swamp dragon scales
rPois    +         Reflect  .   (helmet unavailable)
rElec    .         Harm     .   (no cloak)
rCorr    .         Rampage  .   l - +0 pair of gloves
Will     +....                  (no boots)
Stlth    +.........             r - amulet of regeneration
HPRegen  1.23/turn              A - ring of protection from fire
MPRegen  0.22/turn              M - ring of magical power

@: marked
A: permanent stasis, dig shafts and tunnels, antennae 3, four strong arms
a: Dig, Shaft Self, Renounce Religion, Receive Corpses


You were on level 9 of the Dungeon.
You worshipped Kikubaaqudgha.
Kikubaaqudgha was pleased with you.
You visited 2 branches of the dungeon, and saw 11 of its levels.
You also visited: Sewer and Ossuary.

You collected 773 gold pieces.
You spent 171 gold pieces at shops.

Inventory:

Hand Weapons
 a - a +5 falchion (weapon)
 b - a +0 hunting sling
 d - a +1 scimitar of flaming
Missiles
 f - 4 curare-tipped darts
 k - 181 arrows
 o - 69 bolts
 s - 2 datura-tipped darts
 u - 3 boomerangs
 y - 168 stones
 B - 41 sling bullets
 Q - 48 poisoned darts
Armour
 l - a +0 pair of gloves (worn)
 L - +0 swamp dragon scales (worn)
Jewellery
 r - an amulet of regeneration (around neck)
 A - a ring of protection from fire (left hand)
 K - a ring of resist corrosion
 M - a ring of magical power (right hand)
Wands
 p - a wand of mindburst (14)
 w - a wand of acid (10)
 G - a wand of iceblast (6)
 P - a wand of flame (10)
Scrolls
 c - 3 scrolls of teleportation {unknown}
 g - a scroll of immolation {unknown}
 m - a scroll of silence {unknown}
 n - 2 scrolls of fear {unknown}
 q - 3 scrolls of amnesia {unknown}
 t - 2 scrolls of enchant armour {unknown}
 z - 7 scrolls of identify
 C - a scroll of fog {unknown}
 D - a scroll of enchant weapon {unknown}
 E - a scroll of holy word {unknown}
 F - a scroll of acquirement {unknown}
 J - 2 scrolls of magic mapping {unknown}
 N - a scroll of brand weapon {unknown}
 O - a scroll of blinking {unknown}
Potions
 e - 3 potions of invisibility {unknown}
 h - 2 potions of degeneration {unknown}
 i - 3 potions of curing
 j - a potion of lignification {unknown}
 v - 2 potions of mutation {unknown}
 x - 5 potions of flight
 H - a potion of berserk rage {unknown}
 I - a potion of resistance {unknown}


   Skills:
 * Level 6.8 Fighting
 * Level 6.9 Armour
 * Level 5.0 Dodging
 - Level 2.4 Stealth
 - Level 7.0 Spellcasting
 - Level 6.0 Conjurations
 - Level 9.0 Necromancy


You had 16 spell levels left.
You knew the following spells:

 Your Spells              Type           Power      Damage    Failure   Level
a - Searing Ray           Conj           54%        3d5       2%          2
c - Magic Dart            Conj           100%       1d8       1%          1
d - Vampiric Draining     Necr           19%        2d8       1%          3
z - Sublimation of Blood  Necr           19%        N/A       1%          2

Your spell library contained the following spells:

 Spells                   Type           Power      Damage    Failure   Level
 Animate Skeleton         Necr           76%        N/A       1%          1
 Pain                     Necr           100%       1d9       1%          1
 Excruciating Wounds      Necr           19%        N/A       14%         5
 Dazzling Flash           Conj/Hex       34%        N/A       19%         3
 Stone Arrow              Conj/Erth      34%        3d9       19%         3
 Sting                    Tmut/Pois      24%        1d4       22%         1
 Call Imp                 Summ           6%         N/A       32%         2
 Poisonous Vapours        Pois/Air       12%        N/A       32%         2
 Fulminant Prism          Conj/Hex       8%         3d7       52%         4
 Iskenderun's Mystic Bla  Conj/Tloc      17%        2d5       52%         4
 Call Canine Familiar     Summ           6%         N/A       54%         3
 Portal Projectile        Hex/Tloc       12%        N/A       54%         3
 Animate Armour           Summ/Erth      12%        N/A       91%         4
 Leda's Liquefaction      Hex/Erth       3%         N/A       91%         4
 Olgreb's Toxic Radiance  Pois           6%         N/A       91%         4
 Blade Hands              Tmut           3%         N/A       99%         5
 Manifold Assault         Tloc           6%         N/A       99%         5
 Malign Gateway           Summ/Tloc      3%         N/A       100%        7
 Storm Form               Tmut/Air       3%         N/A       100%        7
 Lehudib's Crystal Spear  Conj/Erth      8%         10d4      100%        8
 Blink                    Tloc           Unusable   N/A       N/A         2

Dungeon Overview and Level Annotations

Branches:
Dungeon (10/15)            Temple (1/1) D:5             Orc (0/2) D:10
  Sewer (visited)         Ossuary (visited)
   Lair: D:8-11

Altars:
Ashenzari
Cheibriados
Dithmenos
Elyvilon
Fedhas
Gozag
Hepliaklqana
Kikubaaqudgha
Makhleb
Nemelex Xobeh
Okawaru
Qazlal
Ru
Sif Muna
Trog
Uskayaw
Vehumet
Wu Jian
Xom
Yredelemnul
Zin
The Shining One

Shops:
D:6 *(?!   D:7 *

Annotations:
D:7 3 runed translucent doors, exclusion: two-headed ogre, 4FPSwarrior's ghost, novice OpSu
D:8 1 exclusion


Innate Abilities, Weirdness & Mutations

You cannot be hasted, slowed, berserked, paralysed or teleported.
You can dig through walls and to a lower floor.
You have a pair of large antennae on your head. (SInv)
Your four strong arms can wield two-handed weapons with a shield.


Message History

The searing ray hits Harold.
Harold is almost dead.
Harold hits you with a +0 hand axe!!
The searing ray hits Harold.
You kill Harold!
Kikubaaqudgha accepts your kill.
You finish channeling your searing ray.
Your Dodging skill increases to level 5!
A wyvern comes into view.
There is a stone staircase leading down here.
You climb downwards.
The gnoll sergeant shouts!
You hear a shout! x2
Found a scroll of identify.
Found a staircase to the Orcish Mines and a stone staircase leading down.
There is a stone staircase leading up here.
You climb upwards.
You hear the roar of battle.
There is an entrance to a bailey on this level.
Hurry and find it before the portal closes forever!
The wyvern bites you!
The wyvern bites you but does no damage.
There is a stone staircase leading down here.
You feel better. The wyvern barely misses you. The wyvern misses you.
Casting: Searing Ray (safe; 2% risk of failure)
Confirm with . or Enter, or press ? or * to list all spells.
Aiming: Searing Ray (safe; 2% risk of failure)
Press: ? - help, Shift-Dir - straight line, f - wyvern
Aim: a wyvern (79% to hit)
The searing ray hits the wyvern.
The wyvern is moderately wounded. (Press . to maintain the ray.)
The wyvern bites you!
The searing ray hits the wyvern.
The wyvern is moderately wounded.
The wyvern bites you. The wyvern bites you!
You die...
Kikubaaqudgha rasps: "You have failed me!
Welcome... death!"

#.# #.#.....#....####.#
... #.####.#.....#.....
... #+#
#.......##.......... ...
#.####..........#......#.
#######.##......#.###..#.
#.......##......# #
#.#####.##....#.#.#
#......l#.#.####.
.......##.##@.........
#..######.#..#.###### .
##.####.# { #.....{.#
#.......# #.#.###+##
#.##{....# #.###(...# #.#
....#


You could see a wyvern.

Vanquished Creatures
  Harold (D:9)
  Joseph (D:7)
  Maggie (D:7)
  A komodo dragon (D:9)
  Prince Ribbit (D:9)
  4 yaks (D:9)
  A wyvern (D:9)
  Eustachio (D:5)
  3 vampire mosquitoes (D:8)
  Duvessa (D:4)
  A water moccasin (D:6)
  2 orc warriors
  2 hornet zombies
  A sky beast (D:8)
  3 black bears
  An ogre (D:6)
  2 centaurs
  A kobold brigand (Sewer)
  3 bullfrogs
  2 elf zombies (Ossuary)
  3 scorpions
  Dowan (D:4)
  6 killer bees (D:7)
  A howler monkey (D:5)
  4 wights (D:9)
  A bullfrog zombie (D:6)
  A centaur zombie (Ossuary)
  A human zombie (Ossuary)
  2 bullfrog skeletons
  2 hounds
  A jelly (D:8)
  3 orc priests
  A centaur skeleton (D:6)
  An iguana (D:4)
  A gnoll shaman (D:6)
  6 orc wizards
  2 killer bee zombies
  A hound skeleton (D:4)
  2 mummies (Ossuary)
  3 gnolls (D:6)
  A howler monkey skeleton (D:7)
  8 adders
  2 river rats
  4 shadow imps
  2 white imps
  2 ufetubi
  A worm (D:4)
  3 dart slugs
  17 orcs
  7 endoplasms
  5 giant cockroaches
  3 goblins
  8 hobgoblins
  6 jackals
  8 kobolds
  A quokka (D:4)
  8 ball pythons
  8 bats
  4 frilled lizards
  3 gnoll zombies (Ossuary)
  2 goblin zombies (Ossuary)
  4 hobgoblin zombies (Ossuary)
  An orc zombie (Ossuary)
  9 rats
193 creatures vanquished.

Vanquished Creatures (others)
  23 fungi
  13 plants (D:9)
36 creatures vanquished.

Grand Total: 229 creatures vanquished

Notes
Turn   | Place    | Note
-------+----------+-------------------------------------------
     0 | D:1      | DildoBatman the Formicid Conjurer began the quest for the
                  | Orb.
     0 | D:1      | Reached XP level 1. HP: 13/13 MP: 3/3
   122 | D:1      | Found a faded altar of an unknown god.
   197 | D:1      | Reached XP level 2. HP: 19/19 MP: 0/5
   200 | D:1      | Learned a level 2 spell: Searing Ray
   668 | D:2      | Reached XP level 3. HP: 10/24 MP: 0/6
  1094 | D:2      | Reached XP level 4. HP: 30/30 MP: 4/8
  1221 | D:1      | Became a worshipper of Uskayaw the Reveller
  1221 | D:1      | Reached * piety under Uskayaw
  1222 | D:1      | Fell from the grace of Uskayaw
  2669 | D:4      | Noticed a bullfrog
  2676 | D:4      | Killed a bullfrog
  2677 | D:4      | Reached skill level 5 in Conjurations
  2677 | D:4      | Reached XP level 5. HP: 32/35 MP: 1/11
  2795 | D:4      | Reached XP level 6. HP: 17/41 MP: 3/12
  2927 | D:4      | Got the Guide on Illusion
  3047 | D:4      | Noticed Duvessa
  3047 | D:4      | Noticed Dowan
  3071 | D:4      | Found a glowing drain.
  3074 | Sewer    | Entered a sewer
  3216 | Sewer    | Reached skill level 5 in Spellcasting
  3216 | Sewer    | Reached XP level 7. HP: 33/46 MP: 5/14
  3261 | Sewer    | Found a glowing silver altar of Zin.
  3622 | D:5      | Entered Level 5 of the Dungeon
  3851 | D:5      | Noticed Eustachio
  4472 | D:5      | Found a staircase to the Ecumenical Temple.
  4479 | Temple   | Entered the Ecumenical Temple
  4679 | Temple   | Became a worshipper of Kikubaaqudgha
  4785 | D:5      | Killed Eustachio
  4786 | D:5      | Reached skill level 1 in Fighting
  4786 | D:5      | Reached skill level 1 in Armour
  4786 | D:5      | Reached XP level 8. HP: 44/54 MP: 9/17
  4991 | D:4      | Killed Dowan
  4996 | D:4      | Killed Duvessa
  5196 | D:6      | Found Wouxifig's Magic Scroll Shop.
  5200 | D:6      | Found Konwec's Assorted Antiques.
  5221 | D:6      | Found Riluroesk's Distillery.
  5224 | D:6      | Found Ziot's Antique Weapon Shop.
  5233 | D:6      | Bought a scroll of identify for 20 gold pieces
  5233 | D:6      | Bought a scroll of noise for 10 gold pieces
  5251 | D:6      | Bought a scroll labelled UVIADE HAMOSEI for 24 gold pieces
  5251 | D:6      | Bought a scroll labelled LOHE TU ENGOXIOB for 24 gold
                  | pieces
  5251 | D:6      | Bought a scroll labelled UDIDAF MOXTA for 24 gold pieces
  5364 | D:6      | Reached XP level 9. HP: 65/65 MP: 11/19
  5438 | D:6      | Found a sand-covered staircase.
  5546 | Ossuary  | Entered an ossuary
  5560 | Ossuary  | Reached * piety under Kikubaaqudgha
  5560 | Ossuary  | Received a gift from Kikubaaqudgha
  5607 | Ossuary  | Reached skill level 5 in Fighting
  5607 | Ossuary  | Reached skill level 5 in Armour
  5651 | Ossuary  | Reached skill level 1 in Necromancy
  5662 | Ossuary  | Reached skill level 2 in Necromancy
  5824 | D:6      | Reached skill level 3 in Necromancy
  6416 | D:7      | Noticed Joseph
  6440 | D:7      | Killed Joseph
  6441 | D:7      | Reached skill level 4 in Necromancy
  6444 | D:7      | Learned a level 2 spell: Sublimation of Blood
  6448 | D:7      | Learned a level 3 spell: Vampiric Draining
  6535 | D:7      | Reached skill level 5 in Necromancy
  6736 | D:7      | Noticed Maggie
  6770 | D:7      | Killed Maggie
  6771 | D:7      | Reached skill level 6 in Necromancy
  6771 | D:7      | Reached XP level 10. HP: 41/74 MP: 7/20
  6812 | D:7      | Reached skill level 7 in Necromancy
  6912 | D:7      | Found Jodoad's Assorted Antiques.
  6921 | D:7      | Bought a sedimented amethyst potion for 21 gold pieces
  6921 | D:7      | Bought a scroll labelled HIVAOR APAIKO for 24 gold pieces
  6921 | D:7      | Bought a scroll labelled PUOQEO IBRU for 24 gold pieces
  6949 | D:7      | Found a runed translucent gate.
  6949 | D:7      | Found a runed translucent gate.
  6949 | D:7      | Found a runed translucent gate.
  6951 | D:7      | Found an opulent altar of Gozag.
  6951 | D:7      | Noticed 4FPSwarrior's ghost (novice OpSu)
  6952 | D:7      | Noticed a brown ugly thing
  7133 | D:8      | Reached skill level 8 in Necromancy
  7217 | D:8      | Reached ** piety under Kikubaaqudgha
  7343 | D:8      | Was forgiven by Uskayaw
  7372 | D:8      | Found a snail-covered altar of Cheibriados.
  7396 | D:8      | Reached skill level 9 in Necromancy
  7466 | D:8      | Noticed a two-headed ogre
  7874 | D:9      | Noticed a komodo dragon
  7878 | D:9      | Noticed Prince Ribbit
  7882 | D:9      | Noticed Harold
  7890 | D:9      | Killed a komodo dragon
  7893 | D:9      | Killed Prince Ribbit
  7902 | D:9      | Reached XP level 11. HP: 22/82 MP: 6/21
  7904 | D:9      | Killed Harold
  7905 | D:9      | Reached skill level 5 in Dodging
  7915 | D:10     | Entered Level 10 of the Dungeon
  7915 | D:10     | Found a staircase to the Orcish Mines.
  7920 | D:9      | Mangled by a wyvern

Illustrated notes

Levels and vault maps discovered:
D:1:      lightli_arrival_statue_moat, layout_rooms,
          hellmonk_ecumenical_altar_zigzags, chequers_serial_rivers_small_a
D:2:      layout_loops_corners, kennysheep_doodads, minmay_statues_item
D:3:      layout_basic, kennysheep_small_spiral
D:4:      layout_rooms, gup_sewer_entry_spiral, serial_aquarium,
          aquarium_bridge_long_joined [aquarium_subvault_window,
          aquarium_subvault_window, aquarium_subvault_window,
          aquarium_subvault_bridge, aquarium_subvault_bridge,
          aquarium_subvault_bridge], aquarium_bridge_straight
          [aquarium_subvault_bridge, aquarium_subvault_wall,
          aquarium_subvault_bridge, aquarium_subvault_window],
          aquarium_window_fake, aquarium_window_1, aquarium_window_corridor_1,
          aquarium_view_2a, aquarium_view_2b, uniq_duvessa
D:5:      layout_loops_ring, minmay_temple_entry_fiery,
          kennysheep_generic_room_8, uniq_eustachio
D:6:      layout_basic, lightli_ossuary_entry_decrepit_ruins,
          minmay_shop_grid_forest
D:7:      layout_gridville, ebering_ghost_gozag, serial_shops, shop,
          uniq_joseph, uniq_maggie
D:8:      layout_rooms, lemuel_round_altar, small_statue_intersection,
          minmay_misc_feat_x
D:9:      layout_basic, grunt_lair_entry_orc_guard_hut, enter_bailey_6,
          ebering_ghost_funeral_grove, uniq_harold, uniq_prince_ribbit1
D:10:     layout_rooms, orc_0_dummy, gammafunk_ghost_smash, uniq_maurice
Temple:   minmay_crystal_snake_temple

Skill      XL: |  1  2  3  4  5  6  7  8  9 10 11 |
---------------+----------------------------------+-----
Conjurations   | 4 5 6 |  6.0
Spellcasting   | 3 4 5 6 7 |  7.0
Fighting       | 1 4 5 6 |  6.8
Armour         | 1 3 5 6 |  6.9
Dodging        | 3 4 5 |  5.0
Necromancy     | 6 9 |  9.0
Stealth        | |  2.4

Action                   |  1- 3 |  4- 6 |  7- 9 | 10-12 || total
-------------------------+-------+-------+-------+-------++-------
Melee: Dagger            |    19 |    58 |     1 |       ||    78
       Scimitar          |       |       |       |     3 ||     3
       Falchion          |       |       |       |     2 ||     2
 Fire: Hunting sling     |       |       |    81 |    24 ||   105
 Cast: Magic Dart        |    37 |    37 |     1 |       ||    75
       Searing Ray       |     6 |    23 |    63 |    28 ||   120
       Sublimation of Bl |       |       |     1 |     7 ||     8
Invok: Renounce Religion |       |     1 |       |       ||     1
 Abil: Dig               |       |    24 |    28 |    11 ||    63
  Use: Potion            |       |       |       |     2 ||     2
 Stab: Sleeping          |       |     2 |       |       ||     2
Armor: Robe              |     2 |    29 |     6 |       ||    37
       Leather armour    |       |       |    41 |       ||    41
       Swamp dragon scal |       |       |       |    29 ||    29
Dodge: Dodged            |    20 |    75 |    93 |    58 ||   246
       Rpst.: Scimitar   |       |       |       |     5 ||     5
       Falchion          |       |       |       |     2 ||     2
